 Dungeon Crawl Stone Soup version 0.31-a0-175-g9f7f995f2b (webtiles) character file.

Game seed: 5508158248150580075

40 qw the Shooter (level 3, -5/22 HPs)
             Began as a Gargoyle Hunter on June 16, 2023.
             Killed from afar by an orc wizard (8 damage)
             ... with a puff of flame
             ... on level 2 of the Dungeon.
             The game lasted 00:00:23 (610 turns).

qw the Shooter (Gargoyle Hunter)                     Turns: 610, Time: 00:00:24

Health: -5/22      AC:  6    Str: 11 (14) XL:     3   Next: 50%
Magic:  3/3        EV: 11    Int:  6 (9)  God:
Gold:   786        SH:  0    Dex: 12 (15) Spells: 2/2 levels left

rFire   . . .        Y - +0 shortbow
rCold   . . .        (shield currently unavailable)
rNeg    + . .        c - +0 leather armour
rPois   inf          (no helmet)
rElec   +            (no cloak)
rCorr   .            (no gloves)
SInv    .            (no boots)
Will    .....        (no amulet)
Stlth   +            (no ring)
HPRegen 0.23/turn    (no ring)
MPRegen 0.08/turn

%: no passive effects
@: confused
A: sickness immunity, AC +3, negative energy resistance 1, electricity
resistance, torment resistance 1, petrification resistance
a: no special abilities


You were on level 2 of the Dungeon.
You visited 1 branch of the dungeon, and saw 2 of its levels.

You collected 945 gold pieces.
You spent 159 gold pieces at shops.


Innate Abilities, Weirdness & Mutations

You are immune to sickness and miasma.
Your stone body is resilient. (AC +3)
You are immune to poison.
You resist negative energy. (rN+)
You are resistant to electric shocks. (rElec)
You are resistant to unholy torment.
You are immune to petrification.


   Skills:
 + Level 2.6 Fighting
 - Level 5.0 Ranged Weapons
 - Level 1.5 Dodging
 - Level 1.1 Stealth


You had 2 spell levels left.
You didn't know any spells.
Your spell library was empty.

Inventory:

Hand Weapons
 Y - a +0 shortbow (weapon)
Armour
 c - a +0 leather armour (worn)
Scrolls
 a - a scroll of enchant armour
 b - 3 scrolls of identify
 d - a scroll of teleportation
Potions
 e - a potion of enlightenment {unknown}
 f - a potion of brilliance {unknown}
 j - a potion of invisibility {unknown}

Dungeon Overview and Level Annotations

Branches:
Dungeon (2/15)

Altars:

Shops:
D:2 ?


Message History

You resist with significant effort. The orc wizard casts a spell at you.
You are more confused.
The orc wizard gestures at you while chanting.
The magic dart hits you. The orc wizard completely misses you.
The orc wizard hits you but does no damage.
The orc wizard hits you but does no damage.
The orc wizard barely misses you. The orc wizard barely misses you.
The orc wizard hits you but does no damage.
The orc wizard hits you with a +0 dagger.
The orc wizard misses you.
You feel less confused. The orc wizard closely misses you.
You shoot an arrow. The arrow barely misses the orc wizard.
The orc wizard hits you with a +0 dagger.
The orc wizard casts a spell.
The orc wizard flickers and vanishes!
Deactivating autopickup; reactivate with Ctrl-A.
You shoot an arrow. Something hits you but does no damage.
You shoot an arrow. Something hits you.
You shoot an arrow. Something hits you but does no damage.
You shoot an arrow.
You hear some strange, mumbled words.
A puff of flame appears from out of thin air!
The puff of flame hits you.
You shoot an arrow.
You hear some strange, mumbled words.
You are confused.
You shoot an arrow. Something hits you. Something completely misses you.
You shoot an arrow.
You hear some strange, mumbled words.
A puff of flame appears from out of thin air!
The puff of flame hits you!
You die...

############.#####
#.............%).#
#.# ###......###.#
## #.#
#..########.# ...
#.####.## #<\...#
.... #.##...#
####### .....
#....###
......#.####
.......@#
.......{#
........#
.>......#
###.#.#.# #......
....#.# ##.....#


There were no monsters in sight!

Vanquished Creatures
  2 dart slugs (D:1)
  3 endoplasms (D:1)
  4 giant cockroaches (D:1)
  2 goblins (D:1)
  5 hobgoblins
  A quokka (D:1)
  3 ball pythons (D:1)
  4 bats (D:1)
  4 kobolds
  4 rats (D:1)
32 creatures vanquished.

Notes
Turn   | Place    | Note
-------+----------+-------------------------------------------
     0 | D:1      | qw the Gargoyle Hunter began the quest for the Orb.
     0 | D:1      | Reached XP level 1. HP: 12/12 MP: 1/1
     0 | D:1      | 0 ||| qw: Version: 0.2-a-29-g511e9b1
     0 | D:1      | 0 ||| qw: Game counter: 5823
     0 | D:1      | 0 ||| qw: Always use a shield: true
     0 | D:1      | 0 ||| qw: God list: Okawaru
     0 | D:1      | 0 ||| qw: Allow faded altars: false
     0 | D:1      | 0 ||| qw: Do Orc after D:15 true
     0 | D:1      | 0 ||| qw: Do second Lair branch before Depths: true
     0 | D:1      | 0 ||| qw: Lair rune preference: random
     0 | D:1      | 0 ||| qw: Plans: Normal, Zot:1-4, Slime:5, God:TSO, Crypt,
                  | Tomb, Abyss, Pan, Hells, Win
     0 | D:1      | 0 ||| PLANNING D:1-11
    74 | D:1      | Reached XP level 2. HP: 17/17 MP: 2/2
   188 | D:1      | Reached XP level 3. HP: 20/21 MP: 3/3
   251 | D:1      | Reached skill level 5 in Ranged Weapons
   307 | D:1      | Found a faded altar of an unknown god.
   496 | D:1      | 496 ||| READING scroll labelled WIGILL IDUDO.
   497 | D:1      | 497 ||| READING scroll labelled APLAAS PAOWN.
   497 | D:1      | Identified a scroll of acquirement
   497 | D:1      | 497 ||| ACQUIRING 905 gold pieces
   497 | D:1      | Acquired 905 gold pieces
   499 | D:1      | 499 ||| READING scroll labelled VUUBITT ZOAFO.
   500 | D:1      | 500 ||| DRINKING 2 red potions.
   501 | D:1      | 501 ||| DROPPING scroll of butterflies.
   502 | D:1      | 502 ||| DROPPING potion of degeneration.
   530 | D:2      | Found Ewkymin's Magic Scroll Shop.
   532 | D:2      | 532 ||| BUYING scroll of enchant armour (82 gold).
   532 | D:2      | Bought a scroll of enchant armour for 82 gold pieces
   532 | D:2      | 532 ||| BUYING scroll of identify (22 gold).
   532 | D:2      | Bought a scroll of identify for 22 gold pieces
   532 | D:2      | 532 ||| BUYING scroll of identify (22 gold).
   532 | D:2      | Bought a scroll of identify for 22 gold pieces
   532 | D:2      | 532 ||| BUYING scroll of teleportation (33 gold).
   532 | D:2      | Bought a scroll of teleportation for 33 gold pieces
   607 | D:2      | HP: 4/22 [something/puff of flame (5)]
   610 | D:2      | Killed from afar by an orc wizard

Levels and vault maps discovered:
D:1:      dpeg_arrival_tiny_f, layout_rooms, shapermc_ecumenical_altar_venn
D:2:      layout_basic, serial_shops, shop, uniq_jessica, uniq_robin

Skill      XL: |  1  2  3 |
---------------+----------+-----
Ranged Weapons | 5 |  5.0
Fighting       | |  2.6
Dodging        | |  1.5
Stealth        | |  1.1

Action                     || total
---------------------------++-------
   Fire: Shortbow          ||    81
    Use: Scroll            ||     3
         Potion            ||     1
 Armour: Leather armour    ||     9
  Dodge: Dodged            ||    22

Table legend:
 A = Non-vault XP
 B = Vault XP
 C = Vault XP percentage of total XP
 D = Non-vault monster count
 E = Vault monster count
 F = Vault count percentage of total count
                 A         B        C        D         E       F
            +---------+---------+-------+---------+---------+-------
      Total |      58 |       0 |   0.0 |      32 |       0 |   0.0
            +---------+---------+-------+---------+---------+-------
        D:1 |      52 |       0 |   0.0 |      29 |       0 |   0.0
        D:2 |       6 |       0 |   0.0 |       3 |       0 |   0.0
            +---------+---------+-------+---------+---------+-------
